 Dungeon Crawl Stone Soup version 0.13.1-2-gfb2c2b7 (webtiles) character file.

357 Lilouch the Firebug (level 5, -9/28 HPs)
             Began as a Gargoyle Fire Elementalist on Dec 2, 2013.
             Killed by divine providence
             ... invoked by an orc priest
              (11 damage)
             ... on Level 4 of the Dungeon.
             The game lasted 00:16:00 (3483 turns).

Lilouch the Firebug (Gargoyle Fire Elementalist)    Turns: 3483, Time: 00:16:01

HP  -9/28        AC  6     Str 11      XL: 5   Next: 51%
MP   3/10        EV 12     Int 12      God:
Gold 186         SH  0     Dex 10      Spells:  3 memorised,  3 levels left

Res.Fire  : . . .   See Invis. : .   t - +0 sling
Res.Cold  : . . .   Warding    : .   a - +0 robe
Life Prot.: + + .   Conserve   : .   (no shield)
Res.Poison: +       Res.Corr.  : .   (no helmet)
Res.Elec. : +       Clarity    : .   (no cloak)
Sust.Abil.: . .     Spirit.Shd : .   (no gloves)
Res.Mut.  : .       Stasis     : .   (no boots)
Res.Rott. : +       Flight     : .   o - amulet of inaccuracy {unknown}
Saprovore : . . .                    m - cursed -5 ring of intelligence
                                     k - ring of positive energy {unknown}

@: very slightly contaminated, slightly resistant to hostile enchantments,
fairly stealthy
A: fangs 1, talons 2, life protection 1, electricity resistance, slow metabolism
1, unbreathing, petrification resistance, AC +4
a: no special abilities


You were on level 4 of the Dungeon.
You were hungry.

You visited 1 branch of the dungeon, and saw 4 of its levels.

You collected 166 gold pieces.

Inventory:

Hand weapons
 t - a +0,+0 sling (weapon)
Missiles
 f - 6 javelins
 i - 11 silver sling bullets
 w - 18 stones (quivered)
Armour
 a - a +0 robe (worn)
Comestibles
 c - 2 bread rations
 s - a pear
 v - an apple
 z - a choko
Scrolls
 d - a scroll of fog {unknown}
 e - a scroll of teleportation {unknown}
 h - 4 scrolls of remove curse {unknown}
 j - a scroll of magic mapping {unknown}
 l - 2 scrolls of curse jewellery {unknown}
 n - a scroll of recharging {unknown}
 p - 2 scrolls of random uselessness {unknown}
 q - a scroll of blinking {unknown}
 r - a scroll of curse armour {unknown}
 x - a scroll of identify {unknown}
Jewellery
 k - a ring of positive energy (left hand) {unknown}
 m - a cursed -5 ring of intelligence (right hand)
 o - an amulet of inaccuracy (around neck) {unknown}
Potions
 g - 6 potions of curing {unknown}
 u - 2 potions of speed {unknown}
Books
 b - a book of Flames

   Spells                             Type                      Level
   *Flame Tongue                      Conjuration/Fire             1
   *Throw Flame                       Conjuration/Fire             2
   *Conjure Flame                     Conjuration/Fire             3
   Inner Flame                        Hexes/Fire                   3
   Sticky Flame                       Conjuration/Fire             4
   Fireball                           Conjuration/Fire             5


   Skills:
 - Level 1.5 Dodging
 - Level 2.1 Stealth
 + Level 2.6 Spellcasting
 + Level 2.2 Conjurations
 * Level 4.8 Fire Magic


You had 3 spell levels left.
You knew the following spells:

 Your Spells              Type           Power        Failure   Level  Hunger
a - Flame Tongue          Conj/Fire      ##...        8%          1    #......
b - Throw Flame           Conj/Fire      ##....       12%         2    ###....
c - Conjure Flame         Conj/Fire      ##......     21%         3    ####...


Dungeon Overview and Level Annotations

Branches:
Dungeon (4/27)
 Temple: D:4-7

Altars:
Fedhas
Nemelex Xobeh
Yredelemnul

Shops:
D:4 (

Annotations:
D:2 Sigmund


Innate Abilities, Weirdness & Mutations

You are resistant to torment.
You are immune to poison.
Your stone body is very resilient (AC +4).
You have very sharp teeth.
You have razor-sharp toenails.
You resist negative energy.
You are resistant to electric shocks.
You have a slow metabolism.
You can survive without breathing.
You are immune to petrification.


Message History

You are very lightly contaminated with residual magic.
You smell smoke.
The jackal closely misses you.
The orc priest mumbles some strange prayers to Beogh.
You feel troubled.
The orc priest mumbles some strange prayers to Beogh against you.
Something smites you! The jackal completely misses you.
The orc priest glows brightly for a moment.
The jackal barely misses you.
The jackal bites you but does no damage.
The orc priest invokes the aid of Beogh against you.
Something smites you!
Ouch! That really hurt!
* * * LOW HITPOINT WARNING * * *
The jackal bites you but does no damage.
The orc priest utters an invocation to Beogh.
You feel troubled.
The orc priest calls down the wrath of Beogh upon you.
Something smites you!
You die...

#.#
#.#.#
#.#
#.#(#
.
#.#.#
#.#.#
#.#.#
#.#)#
#.#.#
#.#.#
#@#.#
#h#.#
#.#.#
#.#.#
#.#.#
#.#.#
#o#.#
#o#.#
#o#.#


You could see 2 orc priests, an orc and a jackal.

Vanquished Creatures
  2 worker ants (D:4)
  Jessica (D:4)
  3 adders
  A worm (D:4)
  2 giant geckos
  6 orcs
  A ball python (D:1)
  7 bats
  5 giant cockroaches
  5 goblins
  9 hobgoblins
  A quokka (D:4)
  4 giant newts
  7 jackals
  7 kobolds
  7 rats
68 creatures vanquished.

Notes
Turn   | Place    | Note
--------------------------------------------------------------
     0 | D:1      | Lilouch, the Gargoyle Fire Elementalist, began the quest for the Orb.
     0 | D:1      | Reached XP level 1. HP: 10/10 MP: 3/3
   165 | D:1      | Reached XP level 2. HP: 15/15 MP: 2/4
   751 | D:2      | Reached XP level 3. HP: 13/19 MP: 1/6
   821 | D:2      | Noticed Sigmund
  1224 | D:3      | Found a blossoming altar of Fedhas.
  1236 | D:3      | Reached skill level 4 in Fire Magic
  1335 | D:3      | Reached XP level 4. HP: 12/24 MP: 2/8
  1951 | D:3      | Found a basalt altar of Yredelemnul.
  2417 | D:4      | Learned a level 2 spell: Throw Flame
  2421 | D:4      | Learned a level 3 spell: Conjure Flame
  2494 | D:4      | Found Dimara's Antique Weapon Boutique.
  2498 | D:4      | Reached XP level 5. HP: 11/28 MP: 5/10
  2967 | D:4      | Noticed Jessica
  2971 | D:4      | Killed Jessica
  2972 | D:4      | Found a sparkling altar of Nemelex Xobeh.
  3483 | D:4      | Killed from afar by an orc priest

Action                   |  1- 3 |  4- 6 || total
-------------------------+-------+-------++-------
Melee: Unarmed           |    17 |       ||    17
       Short sword       |    24 |       ||    24
 Fire: Sling             |       |    40 ||    40
 Cast: Flame Tongue      |    56 |    82 ||   138
       Conjure Flame     |       |     1 ||     1
